 Dungeon Crawl Stone Soup version 0.32-a0-768-g0f6f1dd4b9 (webtiles) character file.

Game seed: 13136923614462149862

14816 ezpacito the Fighter (level 12, -11/94 HPs)
             Began as a Coglin Chaos Knight on Mar 18, 2024.
             Was a Plaything of Xom.
             Mangled by a two-headed ogre
             ... wielding a +0 giant club
              (15 damage)
             ... on level 11 of the Dungeon.
             The game lasted 00:15:40 (9443 turns).

ezpacito the Fighter (Coglin Chaos Knight)          Turns: 9443, Time: 00:15:40

Health: -11/94     AC: 15    Str: 20    XL:     12   Next: 20%
Magic:  18/18      EV: 13    Int: 13    God:    Xom [*.....]
Gold:   627        SH:  0    Dex: 16    Spells: 2/20 levels left

rFire   + . .        u - +4 war axe (distort) {Friðuswiþ}
rCold   . . .        G - +8 war axe of Fragile Peace {spect, Str+3 Dex+3}
rNeg    . . .        j - +5 scale mail {rF+}
rPois   .            w - +0 helmet
rElec   .            (no cloak)
rCorr   .            x - +0 pair of gloves
SInv    +            (no boots)
Will    +....        (amulet unavailable)
Stlth   ++           (ring unavailable)
HPRegen 0.35/turn    (ring unavailable)
MPRegen 0.16/turn    (no gizmo)

%: no passive effects
@: studying Dodging, revved
A: off-hand wielding, slow wielding, warmup strikes, no jewellery, see
invisible, strong-willed 1, mutation resistance 1
a: Invent Gizmo, Renounce Religion


You were on level 11 of the Dungeon.
You worshipped Xom.
You were a special plaything of Xom.
You visited 2 branches of the dungeon, and saw 12 of its levels.

You collected 627 gold pieces.

Inventory:

Hand Weapons
 a - a +2 hand axe of chaos {Bo}
 h - a +3 trident
 u - a +4 war axe of distortion (weapon) {Friðuswiþ}
 G - the +8 war axe of Fragile Peace (offhand) {spect, Str+3 Dex+3}
   (You found it on level 8 of the Dungeon)

   Str+3:     It affects your strength (+3).
   Dex+3:     It affects your dexterity (+3).
 H - a +4 scimitar of flaming
Missiles
 e - a throwing net
 m - 11 boomerangs (quivered)
 y - 2 curare-tipped darts
 F - 27 poisoned darts
Armour
 j - a +5 scale mail of fire resistance (worn)
 p - a +0 cloak
 w - a +0 helmet (worn)
 x - a +0 pair of gloves (worn)
 z - a +0 plate armour
Talismans
 b - a flux talisman
 k - a beast talisman
 A - a blade talisman
 C - a maw talisman
Wands
 f - a wand of flame (7)
Scrolls
 c - a scroll of butterflies
 o - 3 scrolls of amnesia
 t - 5 scrolls of teleportation
 v - 2 scrolls of immolation
 B - a scroll of blinking
Potions
 d - a potion of might
 g - 4 potions of enlightenment
 l - a potion of heal wounds
 n - a potion of resistance
 r - 2 potions of magic
 s - 2 potions of mutation
 E - a potion of attraction
Miscellaneous
 D - a lightning rod (1/4)


   Skills:
 * Level 8.8 Fighting
 * Level 8.8(9.6) Axes
 + Level 5.4(7.5) Polearms
 * Level 7.9 Armour
 * Level 8.6 Dodging
 + Level 5.1 Stealth
 + Level 4.5 Spellcasting
 + Level 1.9 Alchemy
 + Level 2.2 Evocations


You had 2 spell levels left.
You knew the following spells:

 Your Spells              Type           Power      Damage    Failure   Level
a - Irradiate             Conj/Alch      2%         3d12      100%        5
b - Teleport Other        Tloc           2%         N/A       83%         3
c - Gell's Gravitas       Tloc           2%         N/A       83%         3
d - Haunt                 Necr/Summ      1%         N/A       100%        7

Your spell library contained the following spells:

 Spells                   Type           Power      Damage    Failure   Level
 Lesser Beckoning         Tloc           4%         N/A       58%         2
 Inner Flame              Hex/Fire       2%         N/A       83%         3
 Cause Fear               Hex            1%         N/A       99%         4
 Fireball                 Conj/Fire      1%         3d3       100%        5
 Borgnjor's Revivificati  Necr           1%         N/A       100%        8
 Ignition                 Fire           1%         3d3       100%        8
 Death's Door             Necr           1%         N/A       100%        9
 Dragon's Call            Summ           1%         N/A       100%        9


Dungeon Overview and Level Annotations

Branches:
Dungeon (11/15)            Temple (1/1) D:6            Lair (0/5) D:8
    Orc (0/2) D:11

Altars:
Ashenzari
Cheibriados
Dithmenos
Elyvilon
Fedhas
Gozag
Hepliaklqana
Kikubaaqudgha
Makhleb
Nemelex Xobeh
Okawaru
Qazlal
Ru
Sif Muna
Trog
Uskayaw
Vehumet
Wu Jian
Xom
Yredelemnul
Zin
The Shining One
Beogh


Innate Abilities, Weirdness & Mutations

You can wield a second weapon in your off-hand.
It takes a long time for you to wield or remove held weapons.
Your first few attacks do less damage.
You cannot equip rings or amulets.
You have supernaturally acute eyesight. (SInv)
You are strong-willed. (Will+)
You are somewhat resistant to further mutation.


Message History

Your crimson imp blinks!
Your shadow imp hits the troll.
You take 10 damage, and have 36/94 hp.
You slash the troll with your +4 war axe of distortion!
You kill the troll!
Your +8 war axe of Fragile Peace {spect, Str+3 Dex+3} disappears.
You float gracefully downwards.
The two-headed ogre hits your iron imp with a +0 giant club.
The two-headed ogre hits your iron imp with a +0 giant spiked club!
Your iron imp dies!
Your iron imp disappears in a puff of smoke!
You swap places.
Your ufetubus hits the two-headed ogre. x4
Your crimson imp barely misses the two-headed ogre.
Items here: $ ) [ †.
You swap places.
Your enlightenment fades.
The two-headed ogre misses you.
The two-headed ogre hits you with a +0 giant spiked club!
Your ufetubus slips past the two-headed ogre!
Your ufetubus hits the two-headed ogre. x2
Things that are here:
a +0 troll leather armour; a troll corpse You take 7 damage, and have 30/94 hp.
You slice the two-headed ogre with the +8 war axe of Fragile Peace!!
The two-headed ogre is almost dead.
You slash the two-headed ogre with your +4 war axe of distortion!
The two-headed ogre blinks!
The two-headed ogre hits your shadow imp with a +0 giant club!!
Your shadow imp dies!
Your shadow imp disappears in a puff of smoke!
You swap places.
Your quasit bites the two-headed ogre but does no damage.
Your quasit claws the two-headed ogre but does no damage. x2
Items here: $ ) [ †.
You swap places.
The two-headed ogre hits you with a +0 giant club!!
* * * LOW HITPOINT WARNING * * *
The two-headed ogre hits you with a +0 giant spiked club!
You die...
Xom snickers!

.........~≈ß#..... #.##......
.........~≈≈#......#
..#......... #...##...~≈≈#..#
..#...#.....##..
######...≈~≈#..# ..#..
#.....#### .........~≈≈)..#
..'. #.##.).# .........~~≈#$.#
..# ######..##
.........~≈≈#..##..#...#.##...#
.........≈≈≈#.55...'...#......#
....)....~≈ß#555@O.#...#.....##
.)......#####'##5### #<.....#
#..>##..# ....#55. #......#
#...##..#......#...# #.##...###
.....#..#......#...# #.##......
.....#..######
#########......###
.....#......#######..#........#
.....#.......'...#...'...##..##
######..##..##...##..##..##..##


You could see a two-headed ogre (ally target), a friendly quasit (summoned), 2
friendly crimson imps, 3 friendly white imps and 2 friendly shadow imps.

Vanquished Creatures
  2 two-headed ogres
  Erica (D:9)
  A tengu warrior (D:11)
  A manticore (D:11)
  Maurice (D:11)
  A gargoyle (D:11)
  Psyche (D:8)
  A tengu conjurer (D:11)
  3 red devils (D:10)
  5 trolls
  Sigmund (D:3)
  2 shadows (D:11)
  A wraith (D:11)
  3 wyverns (D:8)
  2 basilisks
  12 yaks
  A vampire mosquito (D:11)
  5 acid dragons
  5 water moccasins
  6 orc warriors
  An ice beast (D:8)
  4 black bears
  A sky beast (D:8)
  An ogre (D:9)
  3 centaurs
  3 kobold brigands
  4 bullfrogs
  Blork the orc (D:4)
  3 scorpions
  8 wights
  An electric eel (D:10)
  7 howler monkeys
  A bombardier beetle (D:4)
  2 quasits (D:5)
  An orc priest (D:9)
  A gnoll bouda (D:6)
  4 hounds
  A jelly (D:6)
  Ijyb (D:3)
  3 sleepcaps
  Natasha (thrice) (D:2)
  4 orc wizards
  3 iguanas
  8 gnolls
  13 adders
  4 river rats (D:7)
  A white imp (D:6)
  3 dart slugs
  A ribbon worm (D:3)
  The ghost of Gazog the Sneak, a weakling VSDe (D:5)
  32 orcs
  2 bats (D:1)
  5 endoplasms
  2 giant cockroaches (D:4)
  5 hobgoblins
  8 jackals
  21 kobolds
  4 quokkas
  5 ball pythons
  10 goblins
  2 rats
  A butterfly (D:6)
244 creatures vanquished.

Vanquished Creatures (collateral kills)
  A quasit (D:5)
1 creature vanquished.

Vanquished Creatures (others)
  An orc (D:9)
1 creature vanquished.

Grand Total: 246 creatures vanquished

Notes
Turn   | Place    | Note
-------+----------+-------------------------------------------
     0 | D:1      | ezpacito the Coglin Chaos Knight began the quest for the
                  | Orb.
     0 | D:1      | Reached XP level 1. HP: 18/18 MP: 1/1
   156 | D:1      | XOM: divination: detect creatures
   270 | D:1      | Reached skill level 1 in Dodging
   276 | D:1      | Reached XP level 2. HP: 21/24 MP: 2/2
   323 | D:1      | XOM is BORED!
   323 | D:1      | XOM: silly message
   635 | D:1      | XOM: divination: detect items
   673 | D:2      | Reached XP level 3. HP: 29/29 MP: 3/3
   738 | D:2      | a ribbon worm changed into a bullfrog
   738 | D:2      | Noticed a bullfrog
   740 | D:2      | Killed a bullfrog
   741 | D:2      | Reached XP level 4. HP: 28/35 MP: 4/4
   771 | D:2      | Noticed Natasha
   777 | D:2      | XOM: potion effect (invisibility)
   784 | D:2      | Killed Natasha
   785 | D:2      | Reached skill level 1 in Polearms
   785 | D:2      | Reached XP level 5. HP: 38/41 MP: 4/6
   804 | D:2      | Noticed Natasha
   804 | D:2      | XOM: potion effect (invisibility)
   805 | D:2      | XOM: silly message
   806 | D:2      | XOM: potion effect (haste)
   810 | D:2      | Killed Natasha
   811 | D:2      | Reached skill level 1 in Stealth
  1146 | D:2      | Noticed Natasha
  1157 | D:2      | Killed Natasha
  1158 | D:2      | Reached skill level 1 in Spellcasting
  1200 | D:2      | XOM: silly message
  1261 | D:2      | XOM: silly message
  1440 | D:3      | Noticed Sigmund
  1447 | D:3      | Noticed Ijyb
  1451 | D:3      | Killed Sigmund
  1452 | D:3      | Reached XP level 6. HP: 40/48 MP: 7/7
  1456 | D:3      | XOM: divination: detect items
  1457 | D:3      | Gained mutation: You occasionally shout uncontrollably at
                  | your foes. [potion of mutation]
  1457 | D:3      | Gained mutation: You passively map a small area around you.
                  | [potion of mutation]
  2286 | D:3      | XOM: silly message
  2361 | D:3      | Killed Ijyb
  2362 | D:3      | Reached XP level 7. HP: 28/54 MP: 8/8
  2388 | D:3      | XOM: silly message
  2571 | D:4      | Noticed Blork the orc
  2577 | D:4      | Killed Blork the orc
  2695 | D:4      | XOM: divination: detect creatures
  2697 | D:4      | XOM: divination: detect items
  2731 | D:4      | XOM: potion effect (berserk rage)
  2792 | D:4      | XOM: silly message
  2802 | D:4      | Reached XP level 8. HP: 42/61 MP: 10/10
  3328 | D:4      | XOM: silly message
  3343 | D:5      | Entered Level 5 of the Dungeon
  3494 | D:5      | XOM: noise
  3502 | D:5      | Reached skill level 5 in Axes
  3507 | D:5      | Reached skill level 5 in Fighting
  3526 | D:5      | Identified the +0 scale mail of Prudence {-Cast Harm rF++
                  | rC+ Str-2}
  3537 | D:5      | XOM: silly message
  3599 | D:5      | Found a transporter.
  3612 | D:5      | Noticed Gazog's ghost (weakling VSDe)
  3621 | D:5      | You fall into a shaft and drop 1 floor!
  3775 | D:5      | Found a transporter.
  4071 | D:5      | Killed Gazog's ghost
  4137 | D:6      | Found a staircase to the Ecumenical Temple.
  4195 | Temple   | Entered the Ecumenical Temple
  4207 | D:6      | Reached XP level 9. HP: 65/68 MP: 12/12
  4236 | D:6      | XOM: scenery: 1 doors close
  4377 | D:6      | Found a sacrificial altar of Ru.
  4378 | D:6      | Found a radiant altar of Vehumet.
  4378 | D:6      | Found a snail-covered altar of Cheibriados.
  4378 | D:6      | Found an iron altar of Okawaru.
  4382 | D:6      | Found a blossoming altar of Fedhas.
  4453 | D:6      | XOM: god gift: 8 stones
  4619 | D:6      | XOM: god gift: 55 gold pieces
  4637 | D:6      | XOM: torment (35/68 hp)
  4733 | D:6      | XOM: give mutation
  4733 | D:6      | Gained mutation: You are strong-willed. (Will+) [Xom's
                  | grace]
  4809 | D:6      | XOM: confuse monster(s)
  5094 | D:7      | Reached skill level 5 in Armour
  5162 | D:7      | Found a basalt altar of Yredelemnul.
  5179 | D:7      | Saving game... please wait.
  5276 | D:7      | XOM: 4-stop teleportation journey
  5454 | D:7      | XOM: enchant monster (bad)
  5590 | D:7      | XOM: give mutations
  5590 | D:7      | Gained mutation: You are somewhat resistant to further
                  | mutation. [Xom's mischief]
  5590 | D:7      | Lost mutation: You occasionally shout uncontrollably at
                  | your foes. [Xom's mischief]
  5590 | D:7      | Gained mutation: You have supernaturally acute eyesight.
                  | (SInv) [Xom's mischief]
  5590 | D:7      | Lost mutation: You passively map a small area around you.
                  | [Xom's mischief]
  5686 | D:7      | XOM: 5-stop teleportation journey
  6091 | D:8      | Reached skill level 5 in Dodging
  6099 | D:8      | Noticed a two-headed ogre
  6101 | D:8      | XOM: silly message
  6103 | D:8      | Banished a two-headed ogre
  6104 | D:8      | Reached XP level 10. HP: 76/77 MP: 14/14
  6105 | D:8      | XOM: enchant monster (bad)
  6137 | D:8      | XOM: silly message
  6349 | D:8      | Learned a level 5 spell: Irradiate
  6353 | D:8      | Learned a level 3 spell: Teleport Other
  6373 | D:8      | Noticed Psyche
  6377 | D:8      | Killed Psyche
  6441 | D:8      | Found a staircase to the Lair.
  6441 | D:8      | XOM: swap monsters
  6446 | D:8      | XOM: smoke on damage
  6448 | D:8      | XOM: repel stairs
  6718 | D:8      | XOM: cloud trail
  6803 | D:8      | Identified the +8 war axe of Fragile Peace {spect, Str+3
                  | Dex+3}
  6860 | D:8      | Found a broken altar of Ashenzari.
  6860 | D:8      | Found a basalt altar of Yredelemnul.
  6973 | D:9      | Noticed Erica
  6977 | D:9      | Killed Erica
  7044 | D:9      | XOM: enchant monster (good)
  7065 | D:9      | Reached XP level 11. HP: 84/84 MP: 16/16
  7185 | D:9      | Identified a scroll of acquirement
  7185 | D:9      | Acquired a manual of Dodging
  7466 | D:9      | Found a roughly hewn altar of Beogh.
  7608 | D:9      | Noticed a two-headed ogre
  7613 | D:9      | Killed a two-headed ogre
  7733 | D:10     | Entered Level 10 of the Dungeon
  7778 | D:10     | XOM: silly message
  8249 | D:10     | XOM: enchant monster (good)
  8254 | D:10     | Reached skill level 5 in Polearms
  8389 | D:10     | Learned a level 3 spell: Gell's Gravitas
  8397 | D:10     | Learned a level 7 spell: Haunt
  8606 | D:10     | XOM is BORED!
  8609 | D:10     | XOM: confusion (+ monsters)
  8782 | D:11     | Noticed a tengu warrior
  8788 | D:11     | XOM: 6-stop teleportation journey
  8792 | D:11     | Noticed a manticore
  8794 | D:11     | Identified the ring of Amorality {rCorr EV+5 Int+2}
  8794 | D:11     | Noticed Maurice
  8794 | D:11     | XOM: swap monsters
  8819 | D:11     | Killed Maurice
  8820 | D:11     | Reached skill level 1 in Alchemy
  8820 | D:11     | Reached skill level 1 in Evocations
  8821 | D:11     | Noticed a two-headed ogre
  8828 | D:11     | Killed a manticore
  8868 | D:11     | XOM: summons 6 hostile demons
  8918 | D:11     | Reached skill level 5 in Stealth
  9024 | D:11     | Killed a tengu warrior
  9025 | D:11     | Reached XP level 12. HP: 66/94 MP: 18/18
  9138 | D:11     | Found a staircase to the Orcish Mines.
  9160 | D:11     | XOM: summons 2 hostile shadow creatures
  9314 | D:11     | Noticed a two-headed ogre
  9361 | D:11     | XOM: summons 2 hostile demons
  9422 | D:11     | XOM: confusion
  9435 | D:11     | Killed a two-headed ogre
  9435 | D:11     | XOM: summons 12 friendly demons
  9443 | D:11     | HP: 4/94 [two-headed ogre/+0 giant club (27)]
  9443 | D:11     | Mangled by a two-headed ogre

Illustrated notes

Levels and vault maps discovered:
D:1:      dpeg_arrival_water_temple_mockup, layout_loops_ring
D:2:      layout_rooms, uniq_natasha
D:3:      layout_loops_ring, uniq_ijyb, uniq_sigmund
D:4:      layout_loops_cross, hex_medium, minmay_divided_ellipse,
          uniq_blork_the_orc
D:5:      layout_loops_ring, gammafunk_ghost_stat_death, minivault_26,
          hangedman_decor_clover_reticule
D:6:      layout_gridville, minitemple, minmay_temple_entry_butterflies
D:7:      wad_woods_stonehenge, layout_basic
D:8:      layout_loops_ring, gammafunk_temple_overflow_pools,
          minmay_lair_entry_grove, uniq_psyche
D:9:      layout_roguey [special_room_orc], uniq_erica
D:10:     minmay_klotski, layout_cave_pools, serial_bayou, serial_bayou_pond_d,
          serial_bayou_pond_d, serial_bayou_pond_e, serial_bayou_lagoon_a,
          kennysheep_another_room, einodemon_armed_red_devil_minivault
D:11:     layout_gridville, orc_0_dummy, evilmike_minifort, uniq_maurice
Temple:   minmay_freezing_vapour_temple

Skill      XL: |  1  2  3  4  5  6  7  8  9 10 11 12 |
---------------+-------------------------------------+-----
Armour         | 2 3 4 5 6 7 |  7.9
Dodging        | 1 2 3 4 5 6 8 |  8.6
Polearms       | 1 2 3 4 5 |  5.4
Stealth        | 1 2 3 4 5 |  5.1
Spellcasting   | 1 2 3 4 |  4.5
Fighting       | 4 5 6 7 8 |  8.8
Axes           | 4 5 6 7 8 |  8.8
Alchemy        | 1 |  1.9
Evocations     | 1 2 |  2.2

Action                     |  1- 3 |  4- 6 |  7- 9 | 10-12 || total
---------------------------+-------+-------+-------+-------++-------
  Melee: Hand axe          |    28 |    84 |   157 |    27 ||   296
         Mace              |    26 |    84 |    49 |       ||   159
         War axe           |       |       |   119 |   246 ||   365
  Throw: Boomerang         |       |       |       |     1 ||     1
  Evoke: Wand              |       |       |       |    36 ||    36
         Lightning rod     |       |       |       |     5 ||     5
    Use: Potion            |       |     2 |       |    16 ||    18
         Scroll            |       |    10 |    13 |     6 ||    29
   Stab: Confused          |       |     1 |       |       ||     1
         Paralysed         |       |       |     2 |     1 ||     3
         Invisible         |       |       |       |    12 ||    12
         Distracted        |       |       |       |     1 ||     1
 Armour: Leather armour    |    13 |    65 |       |       ||    78
         Scale mail        |       |       |   204 |   160 ||   364
  Dodge: Dodged            |    22 |    49 |   140 |   122 ||   333

Table legend: (Time is in decaauts)
 A = Elapsed time spent in this place.
 B = Non-inter-level travel time spent in this place.
 C = Inter-level travel time spent in this place.
 D = Time resting spent in this place.
 E = Time spent auto-exploring this place.
 F = Levels seen in this place.
 G = Mean time per level.
                   A        B        C        D        E       F      G
               +--------+--------+--------+--------+--------+-----+--------+
         Total |   9508 |   9061 |    447 |    820 |   6433 |  12 |  792.3 |
       Dungeon |   9506 |   9059 |    447 |    820 |   6433 |  11 |  864.2 |
        Temple |      1 |      1 |      0 |      0 |      0 |   1 |    1.0 |
               +--------+--------+--------+--------+--------+-----+--------+

Top non-repeatable levels by time:
     D:3: 1176 daAuts
     D:7: 1126 daAuts
    D:10: 1043 daAuts
     D:8: 923 daAuts
     D:4: 897 daAuts
     D:6: 863 daAuts
     D:9: 744 daAuts
     D:5: 725 daAuts
    D:11: 697 daAuts
     D:1: 656 daAuts
     D:2: 652 daAuts
  Temple: 1 daAuts
